 Dungeon Crawl Stone Soup version 0.21-a0-522-ga8338f0 (webtiles) character file.

38 mortelune the Magician (level 3, -1/19 HPs)
             Began as a Deep Elf Wizard on Dec 6, 2017.
             Slain by Jessica
             ... wielding a +6 dagger of venom
              (5 damage)
             ... on level 2 of the Dungeon.
             The game lasted 00:04:11 (1261 turns).

mortelune the Magician (Deep Elf Wizard)            Turns: 1261, Time: 00:04:12

Health: -1/19      AC:  2    Str:  3 (4)  XL:     3   Next: 25%
Magic:  8/11       EV: 12    Int: 21 (23) God:
Gold:   53         SH:  0    Dex: 10 (13) Spells: 8/11 levels left

rFire    . . .     SeeInvis .   l - +2 dagger (holy)
rCold    . . .     Gourm    .   (no shield)
rNeg     . . .     Faith    .   a - +0 robe
rPois    .         Spirit   .   b - +0 hat
rElec    .         Reflect  .   (no cloak)
rCorr    .         Harm     .   (no gloves)
MR       .....                  (no boots)
Stlth    ++........             (no amulet)
HPRegen  0.06/turn              (no ring)
MPRegen  0.12/turn              (no ring)

@: lethally poisoned (-1 -> -17)
A: no striking features
a: no special abilities


You were on level 2 of the Dungeon.
You were not hungry.

You visited 1 branch of the dungeon, and saw 2 of its levels.

You collected 53 gold pieces.

Inventory:

Hand Weapons
 g - a +0 short sword of speed
 i - a +0 whip
 l - a +2 dagger of holy wrath (weapon)
Armour
 a - a +0 robe (worn)
 b - a +0 hat (worn)
Jewellery
 p - a +3 ring of dexterity {unknown}
Scrolls
 j - 2 scrolls of identify {unknown}
 n - a scroll of teleportation {unknown}
 o - a scroll of remove curse {unknown}
Potions
 e - a potion of curing {unknown}
 h - a potion of degeneration
 k - a potion of heal wounds {unknown}
Books
 c - a book of Minor Magic

   Spells                             Type                      Level
   a - Magic Dart                     Conjuration                  1
   b - Blink                          Translocation                2
   c - Call Imp                       Summoning                    2
   d - Slow                           Hexes                        2
   e - Conjure Flame                  Conjuration/Fire             3
   f - Mephitic Cloud                 Conjuration/Poison/Air       3
Comestibles
 d - a bread ration
 f - a chunk of flesh
 m - 2 royal jellies


   Skills:
 + Level 3.0 Dodging
 - Level 2.4 Stealth
 + Level 4.8 Spellcasting
 * Level 2.5 Conjurations
   Level 1.1 Summonings
 + Level 1.2 Translocations


You had 8 spell levels left.
You knew the following spells:

 Your Spells              Type           Power        Failure   Level  Hunger
a - Magic Dart            Conj           ###.         3%          1    None
b - Blink                 Tloc           N/A          10%         2    None


Dungeon Overview and Level Annotations

Branches:
Dungeon (2/15)

Altars:

Annotations:
D:2 Jessica


Message History

Jessica hits you with a dagger of venom.
You are more poisoned.
Casting: Magic Dart
Confirm with . or Enter, or press ? or * to list all spells.
Aiming: Magic Dart
Press: ? - help, Shift-Dir - straight line, f/p - Jessica
Aim: Jessica, wielding a dagger of venom and wearing a robe (lightly wounded)
The magic dart hits Jessica.
Jessica is moderately wounded.
You feel sick.
Jessica shouts, "Stop bothering me, or I'll kill you!"
Jessica hits you with a dagger of venom.
* * * LOW HITPOINT WARNING * * *
It was a potion of degeneration.
There was something very wrong with that liquid.
You feel weakened.
You feel dopey.
You feel clumsy.
* * * LOW HITPOINT WARNING * * *
You feel sick.
Jessica hits you with a dagger of venom.
You die...

##................
##............#.###
#.............#.#
#.##......>...#.#
#. #........#.#.#
#. #...##.#.....#
#. ##..##.......#
#@###..######.###
#.@....# ..
#####.## #.# .#. #
#. ##


You could see Jessica.

Vanquished Creatures
  An adder (D:2)
  8 bats (D:1)
  4 goblins
  4 hobgoblins (D:1)
  3 jackals (D:1)
  A ball python (D:1)
  A frilled lizard (D:1)
  2 kobolds (D:1)
  3 rats (D:1)
27 creatures vanquished.

Notes
Turn   | Place    | Note
-------+----------+-------------------------------------------
     0 | D:1      | mortelune the Deep Elf Wizard began the quest for the Orb.
     0 | D:1      | Reached XP level 1. HP: 10/10 MP: 7/7
     3 | D:1      | Noticed an electric eel
     3 | D:1      | Noticed an electric eel
   219 | D:1      | Reached XP level 2. HP: 14/15 MP: 1/9
   916 | D:1      | Learned a level 2 spell: Blink
  1146 | D:2      | Reached XP level 3. HP: 18/19 MP: 0/11
  1257 | D:2      | Noticed Jessica
  1261 | D:2      | Slain by Jessica

Vault maps used:
D:1:      arrival_aquarium_b
D:2:      nicolae_overflow_crystal_walls, first_bread, uniq_sigmund,
          uniq_terence, uniq_jessica

Skill      XL: |  1  2 |
---------------+-------+-----
Conjurations   | 2 |  2.5
Dodging        | 3 |  3.0
Stealth        | |  2.4
Spellcasting   | |  4.8
Summonings     | |  1.1
Translocations | |  1.2

Action                   || total
-------------------------++-------
Melee: Dagger            ||    14
 Cast: Magic Dart        ||    62
       Blink             ||     2
  Use: Potion            ||     1
  Eat: Chunk             ||     1
Armor: Robe              ||     8
Dodge: Dodged            ||    25

Table legend:
 A = Spawn XP
 B = Non-spawn XP
 C = Spawn XP percentage of total XP
 D = Spawn monster count
 E = Non-spawn monster count
 F = Spawn count percentage of total count
 G = Total turns spent on level
                    A         B        C        D         E        F      G
               +---------+---------+-------+---------+---------+-------+---------
         Total |       0 |      55 |   0.0 |       0 |      27 |   0.0 |  1261
               +---------+---------+-------+---------+---------+-------+---------
           D:1 |       0 |      40 |   0.0 |       0 |      25 |   0.0 |  1134
           D:2 |       0 |      15 |   0.0 |       0 |       2 |   0.0 |   127
               +---------+---------+-------+---------+---------+-------+---------
